 Dungeon Crawl Stone Soup version 0.22.1-1-ga44c0e5 (webtiles) character file.

1099565 dvd the Wrestler (level 27, -4/207 HPs)
             Began as a Gnoll Skald on Sept 19, 2018.
             Was the Champion of Ashenzari.
             Killed from afar by an Ice Fiend (19 damage)
             ... with a bolt of cold
             ... on level 5 of the Realm of Zot on Sept 22, 2018.
             The game lasted 09:35:27 (78849 turns).

dvd the Wrestler (Gnoll Skald)                     Turns: 78849, Time: 09:35:28

Health: -4/207     AC: 52    Str: 18 (19) XL:     27
Magic:  36/62      EV: 18    Int: 24 (25) God:    Ashenzari [******]
Gold:   9552       SH: 33    Dex: 23      Spells: 9/70 levels left

rFire    + . .     SeeInvis +   c - +9 broad axe of Sidurch {freeze, Int+4} (curse)
rCold    + . .     Gourm    .   e - +8 large shield of Submission {Dex+2} (curse)
rNeg     + + +     Faith    .   W - +10 gold dragon scales (curse)
rPois    +         Spirit   .   q - +3 hat of Discretion {rElec MR+ Str-4 Stlth+} (curse)
rElec    +         Reflect  .   A - scarf {cloud immunity} (curse)
rCorr    +         Harm     .   v - +0 pair of gloves of Lies {*Drain rN+++ rCorr Dex+2} (curse)
MR       +++++     Clarity  +   D - +2 pair of boots (curse) Stlth +.........Rnd*Tele +
                                s - amulet of the Tired Beds {MR+ Regen+ Str+3} (curse)
HPRegen  1.84/turn              i - ring of the Octopus King {MP+9 AC+1 EV+1 Str+1 Int+1 Dex+1} (curse)
MPRegen  0.38/turn              u - ring of Esubbiga {MR+ MP+9} (curse)

@: lethally poisoned (-4 -> -4), regenerating, studying 3 skills, deflect
missiles
A: distributed training, antennae 2, fangs 1, icy blue scales 1, molten scales
1, slimy green scales 1, berserk 1, blurry vision 2, deterioration 2, frail 1,
low mp 1, electricity resistance, teleportitis 2, strong nose
0: Orb of Zot
}: 11/15 runes: decaying, slimy, silver, bone, abyssal, demonic, glowing,
magical, fiery, dark, gossamer
a: Curse Item, Scrying, Renounce Religion


You were on level 5 of the Realm of Zot.
You worshipped Ashenzari.
Ashenzari was exalted by your worship.
You were hungry.

You visited 14 branches of the dungeon, and saw 66 of its levels.
You visited Pandemonium 1 time, and saw 17 of its levels.
You visited the Abyss 2 times.
You visited 1 bazaar.
You also visited: Desolation.

You collected 12709 gold pieces.
You spent 3157 gold pieces at shops.

Inventory:

Hand Weapons
 c - the cursed +9 broad axe of Sidurch (weapon) {freeze, Int+4}
   (You found it on level 7 of Tartarus)

   It has been specially enchanted to freeze those struck by it, causing extra
   injury to most foes and up to half again as much damage against particularly
   susceptible opponents.
   It can also slow down cold-blooded creatures.
   It affects your intelligence (+4).
   It has a curse placed upon it.
 w - the +10 long sword "Roicveol" {freeze, rF+}
   (You found it on level 7 of Tartarus)

   It has been specially enchanted to freeze those struck by it, causing extra
   injury to most foes and up to half again as much damage against particularly
   susceptible opponents.
   It can also slow down cold-blooded creatures.
   It protects you from fire.
Missiles
 j - 17 tomahawks
 z - 4 steel tomahawks
 K - 12 javelins (quivered)
 M - 7 javelins of penetration
Armour
 e - the cursed +8 large shield of Submission (worn) {Dex+2}
   (You found it on level 3 of the Depths)

   It affects your dexterity (+2).
   It has a curse placed upon it.
 q - the cursed +3 hat of Discretion (worn) {rElec MR+ Str-4 Stlth+}
   (You found it on level 3 of the Depths)

   It affects your strength (-4).
   It insulates you from electricity.
   It affects your resistance to hostile enchantments.
   It makes you more stealthy.
   It has a curse placed upon it.
 v - the cursed +0 pair of gloves of Lies (worn) {*Drain rN+++ rCorr Dex+2}
   (You took it off Nikola on level 2 of the Spider Nest)

   It affects your dexterity (+2).
   It renders you almost immune to negative energy.
   It provides partial protection from all sources of acid and corrosion.
   It causes draining when unequipped.
   It has a curse placed upon it.
 A - a cursed scarf of cloud immunity (worn)
 D - a cursed +2 pair of boots (worn)
 Q - the cursed +1 pair of gloves of Qyridd {rPois Int+4 SInv}
   (You acquired it in Pandemonium)

   It affects your intelligence (+4).
   It protects you from poison.
   It lets you see invisible.
   It has a curse placed upon it.
 W - cursed +10 gold dragon scales (worn)
Jewellery
 i - a cursed ring of the Octopus King (left hand) {MP+9 AC+1 EV+1 Str+1 Int+1 Dex+1}
   (You took it off a deep elf knight on level 5 of the Vaults)

   [ring of magical power]

   It affects your AC (+1).
   It affects your evasion (+1).
   It affects your strength (+1).
   It affects your intelligence (+1).
   It affects your dexterity (+1).
   It affects your magic capacity (+9).
   It has a curse placed upon it.
 s - the cursed amulet of the Tired Beds (around neck) {MR+ Regen+ Str+3}
   (You found it on level 5 of the Pits of Slime)

   [amulet of regeneration]

   It affects your strength (+3).
   It affects your resistance to hostile enchantments.
   It increases your rate of regeneration.
   It has a curse placed upon it.
 u - the cursed ring of Esubbiga (right hand) {MR+ MP+9}
   (You found it on level 3 of the Vaults)

   [ring of magical power]

   It affects your resistance to hostile enchantments.
   It affects your magic capacity (+9).
   It has a curse placed upon it.
 L - a +4 amulet of reflection
Wands
 b - a wand of digging (5)
 g - a wand of acid (34)
 k - a wand of paralysis (29)
 y - a wand of flame (167)
 I - a wand of iceblast (47)
 X - a wand of disintegration (33)
 Z - a wand of random effects (74)
Scrolls
 a - 9 scrolls of magic mapping
 l - 18 scrolls of teleportation
 m - 4 scrolls of enchant weapon
 p - 6 scrolls of remove curse
 t - 5 scrolls of fog
 H - 9 scrolls of fear
 P - a scroll of brand weapon
 R - 5 scrolls of amnesia
 T - 9 scrolls of blinking
 V - 3 scrolls of holy word
 Y - 2 scrolls of silence
Potions
 f - 10 potions of flight
 h - 23 potions of curing
 n - 4 potions of ambrosia
 o - 5 potions of magic
 r - 5 potions of heal wounds
 x - 2 potions of brilliance
 B - 4 potions of haste
 F - a potion of agility
 N - 6 potions of berserk rage
 O - 4 potions of resistance
Books
 E - a manual of Staves
 G - a manual of Crossbows
 J - a manual of Unarmed Combat
Miscellaneous
 S - a crystal ball of energy
 U - 2 boxes of beasts
Comestibles
 d - 49 rations


   Skills:
 + Level 22.0 Fighting
 + Level 21.7 Short Blades
 + Level 22.0 Long Blades
 + Level 21.7(25.1) Axes
 + Level 21.7 Maces & Flails
 + Level 21.7 Polearms
 + Level 25.7 Staves
 + Level 21.7 Slings
 + Level 21.7 Bows
 + Level 23.7 Crossbows
 + Level 21.7 Throwing
 + Level 21.8(26.4) Armour
 + Level 22.0 Dodging
 + Level 21.7 Stealth
 + Level 21.7(23.8) Shields
 + Level 26.1 Unarmed Combat
 + Level 22.1 Spellcasting
 + Level 18.9(22.5) Conjurations
 + Level 18.9(22.5) Hexes
 + Level 19.4(23.0) Charms
 + Level 18.9(22.5) Summonings
 + Level 18.9(22.5) Necromancy
 + Level 18.9(22.5) Translocations
 + Level 18.9(22.5) Transmutations
 + Level 18.9(22.5) Fire Magic
 + Level 18.9(22.5) Ice Magic
 + Level 18.9(22.5) Air Magic
 + Level 18.9(22.5) Earth Magic
 + Level 18.9(22.5) Poison Magic
 + Level 23.3 Invocations
 + Level 21.7(25.1) Evocations


You had 9 spell levels left.
You knew the following spells:

 Your Spells              Type           Power        Failure   Level  Hunger
a - Shadow Creatures      Summ           N/A          1%          6    #......
b - Song of Slaying       Chrm           #######.     0%          2    None
c - Shroud of Golubria    Chrm/Tloc      #######...   0%          2    None
d - Regeneration          Chrm/Necr      #######...   0%          3    None
e - Apportation           Tloc           ######       0%          1    None
f - Blink                 Tloc           N/A          0%          2    None
g - Yara's Violent Unrav  Hex/Tmut       #######...   1%          5    None
h - Dispel Undead         Necr           #######.     1%          5    None
i - Freezing Cloud        Conj/Ice/Air   #######...   1%          6    #......
j - Deflect Missiles      Chrm/Air       #######...   1%          6    #......
k - Irradiate             Conj/Tmut      #######...   1%          5    None
l - Sublimation of Blood  Necr           #######...   0%          2    None
m - Bolt of Fire          Conj/Fire      #######...   1%          6    #......
n - Summon Forest         Summ/Tloc      #######...   1%          5    None
o - Aura of Abjuration    Summ           #######...   1%          5    None

Your spell library contained the following spells:

 Spells                   Type           Power        Failure   Level  Hunger
 Animate Skeleton         Necr           N/A          0%          1    None
 Confusing Touch          Hex            ######       0%          1    None
 Corona                   Hex            #######      0%          1    None
 Flame Tongue             Conj/Fire      #####        0%          1    None
 Infusion                 Chrm           ####         0%          1    None
 Magic Dart               Conj           ####         0%          1    None
 Shock                    Conj/Air       ####         0%          1    None
 Sting                    Conj/Pois      ####         0%          1    None
 Summon Butterflies       Summ           #######.     0%          1    None
 Summon Small Mammal      Summ           ####         0%          1    None
 Call Imp                 Summ           #######.     0%          2    None
 Corpse Rot               Necr           N/A          0%          2    None
 Ensorcelled Hibernation  Hex/Ice        ######       0%          2    None
 Poisonous Vapours        Pois/Air       ######       0%          2    None
 Searing Ray              Conj           ######       0%          2    None
 Slow                     Hex            #######.     0%          2    None
 Sticks to Snakes         Tmut           #######.     0%          2    None
 Swiftness                Chrm/Air       #######.     0%          2    None
 Throw Flame              Conj/Fire      ######       0%          2    None
 Confuse                  Hex            #######.     0%          3    None
 Conjure Flame            Conj/Fire      #######.     0%          3    None
 Dazzling Spray           Conj/Hex       ######       0%          3    None
 Ignite Poison            Fire/Tmut/Pois #######.     0%          3    None
 Inner Flame              Hex/Fire       #######.     0%          3    None
 Lesser Beckoning         Tloc           #######...   0%          3    None
 Mephitic Cloud           Conj/Pois/Air  #######.     0%          3    None
 Recall                   Summ/Tloc      N/A          0%          3    None
 Spectral Weapon          Hex/Chrm       #######.     0%          3    None
 Static Discharge         Conj/Air       #######.     0%          3    None
 Stone Arrow              Conj/Erth      ######       0%          3    None
 Summon Guardian Golem    Hex/Summ       #######.     0%          3    None
 Tukima's Dance           Hex            #######.     0%          3    None
 Airstrike                Air            #######...   1%          4    None
 Cause Fear               Hex            #######...   1%          4    None
 Force Lance              Conj/Tloc      #######.     1%          4    None
 Fulminant Prism          Conj/Hex       #######...   1%          4    None
 Iskenderun's Mystic Bla  Conj           #######.     1%          4    None
 Olgreb's Toxic Radiance  Pois           #######.     1%          4    None
 Petrify                  Tmut/Erth      #######.     1%          4    None
 Sticky Flame             Conj/Fire      #######.     1%          4    None
 Summon Lightning Spire   Summ/Air       #######.     1%          4    None
 Throw Icicle             Conj/Ice       #######.     1%          4    None
 Agony                    Necr           #######.     1%          5    None
 Alistair's Intoxication  Tmut/Pois      #######.     1%          5    None
 Bolt of Draining         Conj/Necr      #######...   1%          5    None
 Bolt of Magma            Conj/Fire/Erth #######...   1%          5    None
 Borgnjor's Vile Clutch   Necr/Erth      #######...   1%          5    None
 Excruciating Wounds      Chrm/Necr      #######...   1%          5    None
 Fireball                 Conj/Fire      #######...   1%          5    None
 Iskenderun's Battlesphe  Conj/Chrm      #######.     1%          5    None
 Lightning Bolt           Conj/Air       #######...   1%          5    None
 Metabolic Englaciation   Hex/Ice        #######...   1%          5    None
 Silence                  Hex/Air        #######...   1%          5    None
 Summon Demon             Summ           #######...   1%          5    None
 Summon Mana Viper        Hex/Summ       #######.     1%          5    None
 Venom Bolt               Conj/Pois      #######...   1%          5    None
 Conjure Ball Lightning   Conj/Air       #######...   1%          6    #......
 Darkness                 Hex            #######...   1%          6    #......
 Hydra Form               Tmut           #######...   1%          6    #......
 Invisibility             Hex            #######.     1%          6    #......
 Iron Shot                Conj/Erth      #######...   1%          6    #......
 Poison Arrow             Conj/Pois      #######...   1%          6    #......
 Statue Form              Tmut/Erth      #######..    1%          6    #......
 Ring of Flames           Chrm/Fire      #######...   1%          7    ####...
 Dragon Form              Tmut           #######...   2%          7    ####...
 Haunt                    Necr/Summ      #######...   2%          7    ####...
 Malign Gateway           Summ/Tloc      #######...   2%          7    ####...
 Orb of Destruction       Conj           #######...   2%          7    ####...
 Spellforged Servitor     Conj/Summ      #######...   2%          7    ####...
 Death's Door             Chrm/Necr      #######...   16%         8    ######.
 Borgnjor's Revivificati  Necr           #######...   17%         8    ######.
 Chain Lightning          Conj/Air       #######...   17%         8    ######.
 Discord                  Hex            #######...   17%         8    ######.
 Ignition                 Fire           #######...   17%         8    ######.
 Infestation              Necr           #######...   17%         8    ######.
 Lehudib's Crystal Spear  Conj/Erth      #######...   17%         8    ######.
 Necromutation            Tmut/Necr      #######...   17%         8    ######.
 Dragon's Call            Summ           #######...   95%         9    #######
 Fire Storm               Conj/Fire      #######...   95%         9    #######
 Glaciate                 Conj/Ice       #######...   95%         9    #######
 Shatter                  Erth           #######...   95%         9    #######
 Tornado                  Air            #######...   95%         9    #######


Dungeon Overview and Level Annotations

Branches:
Dungeon (15/15)            Temple (1/1) D:6            Lair (6/6) D:8
  Swamp (4/4) Lair:4       Spider (4/4) Lair:3        Slime (5/5) Lair:5
    Orc (2/2) D:12            Elf (3/3) Orc:2        Vaults (5/5) D:13
  Crypt (3/3) Vaults:2       Tomb (0/3) Crypt:3      Depths (5/5) D:15
   Hell (1/1)                 Dis (0/7) Hell            Geh (0/7) Hell
    Coc (0/7) Hell            Tar (7/7) Hell            Zot (5/5) Depths:5

Altars:
Ashenzari
Cheibriados
Dithmenos
Elyvilon
Gozag
Kikubaaqudgha
Makhleb
Okawaru
Sif Muna
Trog
Uskayaw
Vehumet
Xom
Yredelemnul
Zin
The Shining One
Beogh

Shops:
D:5 =   Orc:2 !(:[   Elf:1 [(([   Vaults:1 %   Vaults:5 (

Portals:
Hell: Depths:1 Depths:2 Depths:3 Depths:4 Depths:5
Abyss: Depths:3 Depths:4 Depths:5
Pandemonium: Depths:3
Ziggurat: Depths:4


Innate Abilities, Weirdness & Mutations

Your experience applies equally to all skills.
You have very sharp teeth.
Your uncanny sense of smell can sniff out nearby items.
You have a pair of antennae on your head.
You are partially covered in icy blue scales. (AC +2)
You are partially covered in molten scales. (AC +2)
You are partially covered in slimy green scales. (AC +2)
You tend to lose your temper in combat.
Scrolls take you longer to read.
Your body often deteriorates upon taking damage.
You are frail. (-10% HP)
Your magical capacity is low. (-10% MP)
You are resistant to electric shocks. (rElec)
You are sometimes teleported next to monsters.


Message History

The Ice Fiend is heavily wounded.
You completely miss Kaaruad. You barely miss the golden dragon.
You block Kaaruad's attack.
The green death is engulfed in freezing vapours.
You kill the green death!
The Ice Fiend calls on the powers of darkness!
Your body is wracked with pain!
* * * LOW HITPOINT WARNING * * *
The golden dragon convulses!
The Orb Guardian convulses!
The golden dragon is engulfed in freezing vapours.
You block the golden dragon's attack. x3
You hit the Ice Fiend.
The Ice Fiend is heavily wounded.
You completely miss Kaaruad.
You hit the golden dragon but do no damage.
Kaaruad hits you!
* * * LOW HITPOINT WARNING * * *
The Ice Fiend gestures at you. The bolt of cold hits you! You resist.
You die...

,,,,,,............# ##..........
,,,,,,.....^......# #{.........
,,,,,,....^.......# ##..........
,,,,,,............# #.{.........
,,,,,,.......X....# ##...........
,,,,,,.......§§§..###............
,,,,,,.....§4§§1.###...##########
,,,,,,..^.^.§§§D##....##
*,,,,,......§§1&@13.###
**,,,,.##▓▓▓▓▓▓▓▓▓▓▓#
*,,,,,,,,,,,,,,,****
,,,,,,,,,,,,,,.....▓#*
,,,,,,,,,,,,,,.......##
,,,,,,,,,,,,,,........# *▓▓▓▓▓▓▓*
,,,,,,,,,,,,,,........▓*▓.......▓
,,,,,,,,,∆,,,,......{.▓▓.........
,,,,,,,,,,,,,,.^......▓..........


You could see Kaaruad, a golden dragon, a Tzitzimitl, 2 Ice Fiends, an Orb
Guardian, a sixfirhy and a red devil.

Vanquished Creatures
  Cerebov (Pan)
  the Royal Jelly (Slime:5)
  Ereshkigal (Tar:7)
  Gloorx Vloq (Pan)
  Mnoleg (Pan)
  An orb of fire (Zot:5)
  Mennas (Pan)
  4 ancient liches
  3 juggernauts
  Frederick (Crypt:3)
  Saint Roka (Crypt:2)
  A Killer Klown (Zot:5)
  4 pandemonium lords (Pan)
  37 large abominations
  Jory (Crypt:3)
  Geryon (Hell)
  6 golden dragons
  7 bone dragons
  2 profane servitors
  Nikola (Spider:2)
  5 Brimstone Fiends (Pan)
  38 Tzitzimimeh
  6 doom hounds
  6 electric golems
  Arachne (Spider:2)
  The ghost of MalarOregon the Fencer, an adept MiBe of Trog (Vaults:3)
  A Hell Sentinel (Pan)
  21 tentacled monstrosities
  23 Orb Guardians (Zot:5)
  A quicksilver dragon (shapeshifter) (Vaults:5)
  3 deep elf master archers (Elf:3)
  10 liches
  6 quicksilver dragons
  5 death cobs
  4 deep elf blademasters
  5 titans
  26 Executioners
  24 acid blobs
  5 sphinxes
  An eldritch tentacle (Tar:2)
  4 thorn hunters
  Kirke (Lair:5)
  5 tentacled starspawn
  2 ancient champions
  7 tengu reavers
  A warmonger (Pan)
  10 shadow dragons
  Donald (Elf:2)
  6 draconian monks
  2 revenants
  9 storm dragons
  17 azure jellies
  15 fire giants
  8 ghost moths
  2 imperial myrmidons (Desolation)
  13 deep elf sorcerers
  21 vault wardens
  4 draconian knights
  An iron dragon (Depths:4)
  A black sun (Pan)
  3 orc warlords
  A caustic shrike zombie (Crypt:1)
  10 frost giants
  23 balrugs
  3 draconian stormcallers
  4 draconian scorchers
  Louise (Spider:2)
  15 cacodemons
  5 emperor scorpions
  8 draconian annihilators
  7 ghouls
  2 draconian shifters
  4 curse skulls
  34 reapers
  2 deep elf elementalists (Elf:3)
  4 war gargoyles
  3 spriggan defenders
  21 ironheart preservers
  An entropy weaver (shapeshifter) (Vaults:5)
  14 vampire knights
  5 green draconians
  30 very ugly things
  24 stone giants
  2 blood saints (Pan)
  4 entropy weavers
  2 corrupters (Pan)
  The ghost of Stepladder the Nimble, a journeyman MfGl of Yredelemnul (Lair:3)
  7 purple draconians
  12 deep elf annihilators
  2 white draconians (Depths:5)
  7 lorocyprocas
  4 yellow draconians
  10 deep elf demonologists
  3 halazid warlocks (Desolation)
  3 black draconians
  6 red draconians
  14 spark wasps
  Snorg (D:13)
  5 eidola
  A merfolk javelineer (Depths:1)
  9 green deaths
  2 pearl dragon zombies (Crypt:2)
  4 death oozes (Slime:5)
  11 deep elf death magi
  2 crystal guardians
  11 fire dragons
  11 blizzard demons (Pan)
  7 ragged hierophants (Desolation)
  17 yaktaur captains
  15 ettins
  16 jiangshi (Crypt:3)
  3 quicksilver dragon zombies (Tar:7)
  The ghost of Markonkel the Cleaver, a journeyman MiBe of Trog (Lair:1)
  10 deep elf high priests
  18 great orbs of eyes
  2 juggernaut simulacra (Pan)
  11 ice dragons
  14 servants of whispers (Desolation)
  5 peacekeepers (Desolation)
  Harold (D:8)
  33 vault guards
  Fannar (Lair:3)
  A great orb of eyes (shapeshifter) (Abyss:5)
  3 monstrous demonspawn (Pan)
  20 hydras
  8 rakshasas
  A naga warrior (Abyss:5)
  3 ghost crabs
  A quicksilver dragon skeleton (Crypt:1)
  An ice dragon (shapeshifter) (Vaults:5)
  A hell beast (Pan)
  71 two-headed ogres
  2 catoblepae
  9 spriggan air magi
  18 alligators
  11 centaur warriors
  24 ogre magi
  32 dancing weapons
  9 death knights
  Urug (Lair:3)
  7 deep troll shamans
  13 deep troll earth magi
  8 tengu warriors
  7 vampire magi
  10 hell hogs
  A queen ant (Spider:3)
  4 spriggan berserkers
  11 thrashing horrors (Abyss:5)
  23 deep elf knights
  12 spriggans
  43 soul eaters
  Sonja (D:13)
  3 iron golems (Hell)
  7 hell knights (Depths:1)
  A golden dragon zombie (Tar:7)
  42 sun demons
  6 wretched stars
  A fire crab (Lair:6)
  A fire crab (shapeshifter) (Depths:3)
  3 titan skeletons
  2 storm dragon skeletons
  2 iron trolls
  2 death drakes
  2 spatial maelstroms (Abyss:5)
  26 shadow demons
  40 shadow wraiths
  9 small abominations
  17 sixfirhies
  38 deep trolls
  13 glowing orange brains
  2 infernal demonspawn
  88 skeletal warriors
  3 torturous demonspawn (Pan)
  19 unseen horrors
  An anaconda zombie (Tar:7)
  2 tengu zombies
  An orange crystal statue (Depths:1)
  A lindwurm (Lair:6)
  6 wizards
  2 spriggan druids (Swamp:3)
  16 swamp dragons
  10 flayed ghosts
  5 shambling mangroves
  4 anaconda skeletons
  23 deep elf archers
  A harpy (shapeshifter) (Depths:2)
  A shadow dragon zombie (Hell)
  5 gelid demonspawn (Pan)
  A golden dragon skeleton (Crypt:1)
  2 wolf spider zombies
  21 ironbrand convokers
  47 ugly things
  Pikel (D:7)
  2 oklob plants (Lair:4)
  8 necromancers
  22 orc knights
  An orb spider (shapeshifter) (Depths:3)
  A frost giant zombie (Tar:7)
  16 phantasmal warriors
  16 orb spiders
  79 deep elf magi
  16 orc sorcerers
  7 shining eyes
  4 manticores
  The ghost of Malog the Magician, a novice OpWz of Ashenzari (D:5)
  4 iron dragon skeletons
  32 wolf spiders
  2 shadow dragon skeletons
  2 worldbinders (Abyss:5)
  Joseph (D:8)
  2 manticores (shapeshifter)
  9 moths of wrath
  9 cyclopes
  3 fire giant zombies
  4 frost giant skeletons
  4 apis skeletons (Crypt:2)
  6 stone giant skeletons
  2 elephants (Lair:2)
  5 guardian serpents
  6 black mambas
  3 guardian serpents (shapeshifter)
  3 centaur zombies
  An ice statue (Hell)
  7 rust devils
  7 fire giant skeletons
  A naga mage (Depths:1)
  Maurice (D:13)
  11 vault sentinels
  7 torpor snails
  17 orange demons (Pan)
  The ghost of Torikoriko the Slasher, a novice HuGl of Zin (D:5)
  4 eyes of devastation
  4 molten gargoyles (Desolation)
  4 dire elephant skeletons
  An emperor scorpion zombie (Tar:5)
  2 green draconian zombies
  4 centaur skeletons
  A purple draconian zombie (Tar:7)
  13 spiny frogs
  26 smoke demons
  The ghost of Shimizu the Chiller, a novice BaIE (D:5)
  A komodo dragon (shapeshifter) (Depths:4)
  20 hellions
  32 demonic crawlers
  A catoblepas zombie (Crypt:2)
  A shock serpent skeleton (Crypt:1)
  The ghost of buskinjo the Slasher, a novice OpFi of Gozag (D:5)
  A kobold demonologist (D:15)
  3 rime drakes
  17 tormentors
  52 yaktaurs
  An anaconda simulacrum (Hell)
  8 efreet (Pan)
  19 freezing wraiths
  7 komodo dragons
  20 hellwings
  9 ice devils
  25 red devils
  2 ancient zymes (Abyss:5)
  4 tengu conjurers
  A queen bee (shapeshifter) (Vaults:3)
  2 hydra zombies
  A white draconian skeleton (Crypt:1)
  A merfolk (shapeshifter) (Vaults:5)
  A queen bee (Lair:2)
  8 trolls
  23 jumping spiders
  A green draconian skeleton (Crypt:1)
  2 silent spectres (Tar:5)
  35 hornets
  3 polar bears
  3 meliai (D:15)
  A harpy zombie (Tar:7)
  20 blink frogs
  13 tyrant leeches
  Prince Ribbit (D:6)
  2 harpy skeletons
  3 hydra skeletons
  66 saltlings (Desolation)
  A raiju (shapeshifter) (Depths:2)
  112 slime creatures
  9 hippogriffs
  A spectral manticore (Crypt:3)
  13 raiju (Abyss:5)
  A satyr zombie (Crypt:1)
  5 dream sheep (Lair:4)
  10 bog bodies
  An ettin zombie (Vaults:4)
  A centaur simulacrum (D:14)
  4 fire dragon skeletons
  3 alligator zombies
  99 flying skulls
  14 starcursed masses
  13 water elementals
  18 tarantellas
  5 ettin skeletons
  20 ynoxinuls
  2 alligator skeletons
  21 shadows
  3 air elementals
  49 redbacks
  A redback (shapeshifter) (Vaults:4)
  4 ice dragon skeletons
  15 wraiths
  5 wyverns
  2 black mamba skeletons
  6 hogs
  20 humans
  58 yaks
  A spriggan (shapeshifter) (Vaults:4)
  A vampire (D:14)
  Eustachio (D:6)
  4 fire elementals
  6 golden eyes
  A hog (shapeshifter) (Vaults:5)
  10 hungry ghosts
  Grum (D:8)
  21 neqoxecs
  3 steam dragons
  7 chaos spawn
  11 vampire mosquitoes
  A torturous demonspawn zombie (Crypt:2)
  10 insubstantial wisps
  A spatial vortex (Abyss:5)
  A naga (shapeshifter) (Vaults:5)
  A hydra simulacrum (Hell)
  10 wargs
  A deep troll zombie (Vaults:4)
  A naga (Abyss:5)
  An acid dragon (Lair:6)
  A swamp worm (shapeshifter) (Vaults:2)
  20 swamp worms
  9 soldier ants (Spider:3)
  16 water moccasins
  5 floating eyes
  40 hell hounds
  47 orc warriors
  6 porcupines
  A monstrous demonspawn skeleton (Crypt:2)
  5 spiny frog skeletons
  5 ice beasts
  2 black bears
  A hornet zombie (D:12)
  3 snapping turtle zombies
  An ettin simulacrum (Vaults:2)
  2 sky beasts
  An eye of draining (shapeshifter) (Vaults:5)
  3 phantoms
  15 swamp drakes
  6 eyes of draining
  A fire dragon simulacrum (Crypt:3)
  20 necrophages
  A lindwurm zombie (Crypt:2)
  3 swamp dragon zombies
  7 centaurs
  6 wolves
  6 boggarts
  55 ogres
  A snapping turtle skeleton (Tar:5)
  14 crocodiles
  A swamp dragon skeleton (Crypt:1)
  2 human skeletons
  Blork the orc (D:6)
  An elf zombie (Tar:5)
  22 bullfrogs
  A big kobold (D:13)
  2 gnoll sergeants
  A spiny frog simulacrum (Hell)
  4 earth elementals
  2 wyvern skeletons
  6 scorpions
  A manticore simulacrum (Crypt:3)
  An elf simulacrum (Vaults:2)
  A troll skeleton (Crypt:1)
  32 killer bees
  22 wights
  A spriggan skeleton (Crypt:1)
  4 electric eels
  2 howler monkeys
  10 crimson imps
  A bullfrog zombie (D:10)
  3 jellies
  3 quasits
  7 hounds
  2 bullfrog skeletons
  24 orc priests
  53 orc wizards
  4 iron imps
  4 iguanas
  3 hell rats (Lair:2)
  A lightning spire (Zot:2)
  27 worker ants
  A porcupine skeleton (Crypt:2)
  A killer bee zombie (D:9)
  A big kobold zombie (Crypt:2)
  3 hound skeletons
  2 worker ant zombies
  12 gnolls
  11 river rats (Lair:2)
  13 adders
  21 shadow imps
  A white imp (Depths:3)
  4 ufetubi
  4 oozes
  2 adder skeletons
  A worm (D:4)
  A dart slug (D:1)
  5 leopard geckos
  137 orcs
  6 giant cockroaches
  4 goblins
  8 hobgoblins
  7 jackals
  12 kobolds
  3 quokkas
  6 bats
  7 frilled lizards
  A giant cockroach zombie (Crypt:1)
  A jackal zombie (Crypt:1)
  A kobold zombie (Tar:1)
  11 rats
  2 briar patches (Swamp:4)
  A butterfly (D:8)
  4 crawling corpses
  A fungus (Lair:6)
  4 lurking horrors
  7 plants
  5 spectral weapons
  5 starspawn tentacles (Abyss:1)
4015 creatures vanquished.

Vanquished Creatures (collateral kills)
  An acid blob (Slime:5)
  2 Executioners (Pan)
  A tengu reaver (Vaults:5)
  2 frost giants (Depths:2)
  A warmonger (Pan)
  2 very ugly things (Vaults:3)
  A reaper (Tar:7)
  An ironheart preserver (Vaults:5)
  A ghoul (Crypt:1)
  A spriggan defender (Depths:2)
  A black sun (Pan)
  A crystal guardian (Abyss:5)
  A great orb of eyes (Slime:5)
  A hydra (Lair:3)
  A ghost crab (Tar:7)
  A monstrous demonspawn (Pan)
  A centaur warrior (Depths:2)
  A deep troll earth mage (Depths:2)
  2 hell hogs (Hell)
  A vampire mage (Crypt:1)
  2 sun demons
  A deep elf knight (Vaults:3)
  A shadow wraith (Tar:7)
  2 skeletal warriors
  An infernal demonspawn (Pan)
  4 gelid demonspawn (Pan)
  A torturous demonspawn (Pan)
  A deep elf archer (Vaults:3)
  A phantasmal warrior (Crypt:1)
  2 oklob plants (Lair:4)
  An orc sorcerer (Vaults:5)
  A wolf spider (shapeshifter) (Abyss:5)
  2 deep elf magi (Vaults:3)
  A fire giant skeleton (Tar:7)
  2 smoke demons (Hell)
  A rust devil (Hell)
  A tormentor (Pan)
  4 red devils
  A tyrant leech (shapeshifter) (Abyss:5)
  6 slime creatures
  2 fire elementals (Hell)
  A ynoxinul (Pan)
  2 neqoxecs (Pan)
  A hell hound (Hell)
  3 centaurs (Depths:2)
  2 crimson imps (Hell)
  A plant (Lair:4)
72 creatures vanquished.

Vanquished Creatures (others)
  A Tzitzimitl (Tar:7)
  A shadow dragon (Tar:7)
  A green draconian (Zot:2)
  A deep elf annihilator (Depths:1)
  A blizzard demon (Pan)
  A monstrous demonspawn (Pan)
  2 hell hogs (Hell)
  A torturous demonspawn (Pan)
  A deep elf archer (Elf:1)
  A deep elf mage (Elf:2)
  2 jumping spiders (Spider:4)
  A chaos spawn (Zot:5)
  A neqoxec (Zot:5)
  A small abomination (Abyss:5)
  A naga (Abyss:5)
  An insubstantial wisp (Abyss:5)
  A hell hound (Tar:7)
  An orc warrior (Orc:2)
  A starcursed mass (Abyss:5)
  An ogre (Vaults:2)
  3 killer bees (Lair:2)
  A wight (D:15)
  A shadow imp (Tar:6)
  An orc (Vaults:4)
  2 bushes (Abyss:5)
  A demonic plant (Pan)
  10 fungi
  12 plants
  9 snaplasher vines
  46 spectral weapons
  9 starspawn tentacles
  2 withered plants (Lair:3)
119 creatures vanquished.

Grand Total: 4206 creatures vanquished

Notes
Turn   | Place    | Note
-------+----------+-------------------------------------------
     0 | D:1      | dvd the Gnoll Skald began the quest for the Orb.
     0 | D:1      | Reached XP level 1. HP: 20/20 MP: 6/6
   102 | D:1      | Reached XP level 2. HP: 22/26 MP: 2/7
   211 | D:1      | Learned a level 2 spell: Song of Slaying
   214 | D:1      | Learned a level 2 spell: Shroud of Golubria
   262 | D:1      | Reached XP level 3. HP: 22/31 MP: 5/9
   367 | D:1      | Reached skill level 5 in Spellcasting
   407 | D:1      | Learned a level 3 spell: Regeneration
   912 | D:2      | Reached skill level 1 in Invocations
   935 | D:2      | Reached skill level 1 in Short Blades
   935 | D:2      | Reached skill level 1 in Axes
   935 | D:2      | Reached skill level 1 in Maces & Flails
   935 | D:2      | Reached skill level 1 in Polearms
   935 | D:2      | Reached skill level 1 in Staves
   935 | D:2      | Reached skill level 1 in Slings
   935 | D:2      | Reached skill level 1 in Bows
   935 | D:2      | Reached skill level 1 in Crossbows
   935 | D:2      | Reached skill level 1 in Throwing
   935 | D:2      | Reached skill level 1 in Stealth
   935 | D:2      | Reached skill level 1 in Shields
   935 | D:2      | Reached skill level 1 in Unarmed Combat
   935 | D:2      | Reached skill level 1 in Evocations
   935 | D:2      | Reached XP level 4. HP: 37/38 MP: 9/11
  1267 | D:2      | Reached skill level 1 in Conjurations
  1267 | D:2      | Reached skill level 1 in Hexes
  1267 | D:2      | Reached skill level 1 in Summonings
  1267 | D:2      | Reached skill level 1 in Necromancy
  1267 | D:2      | Reached skill level 1 in Translocations
  1267 | D:2      | Reached skill level 1 in Transmutations
  1267 | D:2      | Reached skill level 1 in Fire Magic
  1267 | D:2      | Reached skill level 1 in Ice Magic
  1267 | D:2      | Reached skill level 1 in Air Magic
  1267 | D:2      | Reached skill level 1 in Earth Magic
  1267 | D:2      | Reached skill level 1 in Poison Magic
  1843 | D:3      | Found a glowing golden altar of the Shining One.
  2162 | D:3      | Reached XP level 5. HP: 31/43 MP: 6/12
  2172 | D:3      | Reached XP level 6. HP: 15/50 MP: 5/13
  2485 | D:3      | Reached skill level 5 in Fighting
  2485 | D:3      | Reached skill level 5 in Long Blades
  2485 | D:3      | Reached skill level 5 in Dodging
  2485 | D:3      | Reached skill level 2 in Unarmed Combat
  2835 | D:4      | Reached XP level 7. HP: 28/56 MP: 9/15
  3328 | D:4      | Learned a level 3 spell: Spectral Weapon
  3553 | D:4      | Reached XP level 8. HP: 38/63 MP: 9/16
  3942 | D:5      | Entered Level 5 of the Dungeon
  3975 | D:5      | Reached skill level 3 in Unarmed Combat
  4210 | D:5      | Found a shattered altar of Ashenzari.
  4216 | D:5      | Became a worshipper of Ashenzari the Shackled
  4351 | D:5      | Found a runed gate.
  4351 | D:5      | Found a runed gate.
  4351 | D:5      | Found a runed gate.
  4353 | D:5      | Noticed Malog's ghost (novice OpWz)
  4356 | D:5      | Noticed buskinjo's ghost (novice OpFi)
  4358 | D:5      | Noticed Torikoriko's ghost (novice HuGl)
  4359 | D:5      | Noticed Shimizu's ghost (novice BaIE)
  4376 | D:5      | Found Geugid's Jewellery Shoppe.
  4803 | D:6      | Found a staircase to the Ecumenical Temple.
  4880 | D:6      | Noticed Prince Ribbit
  4922 | D:6      | Noticed Blork the orc
  4953 | Temple   | Entered the Ecumenical Temple
  5217 | D:6      | Killed Blork the orc
  5320 | D:6      | Killed Prince Ribbit
  5320 | D:6      | Reached XP level 9. HP: 21/69 MP: 7/18
  5465 | D:6      | Noticed a hand axe
  5511 | D:6      | Noticed Eustachio
  5564 | D:6      | Found an iron altar of Okawaru.
  5592 | D:6      | Killed Eustachio
  5592 | D:6      | Reached skill level 4 in Unarmed Combat
  5732 | D:6      | Found a deep blue altar of Sif Muna.
  5756 | D:6      | Found a hide-covered altar of Uskayaw.
  5756 | D:6      | Noticed a hand axe
  5830 | D:6      | Found a snail-covered altar of Cheibriados.
  5917 | D:7      | Reached skill level 5 in Armour
  6317 | D:7      | Reached skill level 5 in Invocations
  6549 | D:7      | Found a radiant altar of Vehumet.
  6685 | D:7      | Noticed Pikel
  6709 | D:7      | Killed Pikel
  6709 | D:7      | Reached XP level 10. HP: 51/77 MP: 11/20
  6754 | D:7      | Reached skill level 5 in Short Blades
  6754 | D:7      | Reached skill level 5 in Axes
  6754 | D:7      | Reached skill level 5 in Maces & Flails
  6754 | D:7      | Reached skill level 5 in Polearms
  6754 | D:7      | Reached skill level 5 in Staves
  6754 | D:7      | Reached skill level 5 in Slings
  6754 | D:7      | Reached skill level 5 in Bows
  6754 | D:7      | Reached skill level 5 in Crossbows
  6754 | D:7      | Reached skill level 5 in Throwing
  6754 | D:7      | Reached skill level 5 in Stealth
  6754 | D:7      | Reached skill level 5 in Shields
  6754 | D:7      | Reached skill level 5 in Unarmed Combat
  6754 | D:7      | Reached skill level 5 in Evocations
  6805 | D:7      | Reached * piety under Ashenzari
  6996 | D:7      | Found an ancient bone altar of Kikubaaqudgha.
  7093 | D:8      | Got the cursed war axe of Outrage {chop, Fragile +Fly rPois
                  | Str+4}
  7094 | D:8      | Identified the cursed +1 war axe of Outrage {chop, Fragile
                  | +Fly rPois Str+4} (You found it on level 8 of the Dungeon)
  7102 | D:8      | Found a bloodstained altar of Trog.
  7102 | D:8      | Noticed a centaur warrior
  7104 | D:8      | Noticed a centaur warrior
  7112 | D:8      | Found a transporter.
  7120 | D:8      | Found a transporter.
  7154 | D:8      | Noticed Joseph
  7167 | D:8      | Killed Joseph
  7296 | D:8      | Found a staircase to the Lair.
  7440 | D:8      | Noticed Harold
  7453 | D:8      | Killed Harold
  7759 | D:8      | Noticed Grum
  7774 | D:8      | Killed Grum
  7812 | D:8      | Gained mutation: You tend to lose your temper in combat.
                  | [potion of mutation]
  7812 | D:8      | Gained mutation: You evolve. [potion of mutation]
  7812 | D:8      | Gained mutation: You are resistant to hostile enchantments.
                  | (MR+) [potion of mutation]
  7812 | D:8      | Gained mutation: Your muscles are strong. (Str +2) [potion
                  | of mutation]
  7880 | D:9      | Reached XP level 11. HP: 70/84 MP: 19/22
  8395 | D:10     | Entered Level 10 of the Dungeon
  8536 | D:10     | Reached ** piety under Ashenzari
  8582 | D:10     | Reached skill level 6 in Unarmed Combat
  8678 | D:10     | Killed an unseen horror
  8678 | D:10     | Reached skill level 5 in Conjurations
  8678 | D:10     | Reached skill level 5 in Hexes
  8678 | D:10     | Reached skill level 5 in Summonings
  8678 | D:10     | Reached skill level 5 in Necromancy
  8678 | D:10     | Reached skill level 5 in Translocations
  8678 | D:10     | Reached skill level 5 in Transmutations
  8678 | D:10     | Reached skill level 5 in Fire Magic
  8678 | D:10     | Reached skill level 5 in Ice Magic
  8678 | D:10     | Reached skill level 5 in Air Magic
  8678 | D:10     | Reached skill level 5 in Earth Magic
  8678 | D:10     | Reached skill level 5 in Poison Magic
  8971 | D:10     | Killed an unseen horror
  9229 | D:10     | Gained mutation: You have a pair of small horns on your
                  | head. [evolution]
  9773 | D:11     | Identified a scroll of acquirement
  9774 | D:11     | Found the cursed amulet of Vitality {Regen+ HP+15}
  9786 | D:11     | Noticed a manticore
  9794 | D:11     | Killed a manticore
  9970 | D:11     | Noticed a cyclops
  9982 | D:11     | Killed a cyclops
 10320 | D:5      | Killed buskinjo's ghost
 10324 | D:5      | Killed Malog's ghost
 10324 | D:5      | Reached XP level 12. HP: 82/93 MP: 18/24
 10332 | D:5      | Killed Shimizu's ghost
 10336 | D:5      | Killed Torikoriko's ghost
 10508 | D:8      | Killed a centaur warrior
 10509 | D:8      | Killed a centaur warrior
 10588 | Lair:1   | Entered Level 1 of the Lair of Beasts
 10588 | Lair:1   | Found a shimmering altar of Xom.
 10597 | Lair:1   | Reached skill level 7 in Unarmed Combat
 11002 | Lair:1   | Reached *** piety under Ashenzari
 11008 | Lair:1   | Found a runed door.
 11014 | Lair:1   | Noticed Markonkel's ghost (journeyman MiBe)
 11203 | Lair:1   | Gained mutation: You are surrounded by a mild repulsion
                  | field. (EV +2) [evolution]
 11203 | Lair:1   | Lost mutation: You evolve. [end of evolution]
 11480 | Lair:2   | Identified the ring of Jemy {rF+ Dex+4}
 12574 | Lair:3   | Reached XP level 13. HP: 101/101 MP: 26/26
 12685 | Lair:3   | Noticed Fannar
 12710 | Lair:3   | Killed Fannar
 12768 | Lair:3   | Reached **** piety under Ashenzari
 12876 | Lair:3   | Reached skill level 8 in Unarmed Combat
 12993 | Lair:3   | Found a hole to the Spider Nest.
 13131 | Lair:3   | Noticed Urug
 13148 | Lair:3   | Killed Urug
 13155 | Lair:3   | Found a runed door.
 13157 | Lair:3   | Noticed Stepladder's ghost (journeyman MfGl)
 13793 | Lair:4   | Reached ***** piety under Ashenzari
 13805 | Lair:4   | Learned a level 2 spell: Blink
 13808 | Lair:4   | Learned a level 2 spell: Call Imp
 13884 | Lair:2   | Learned a level 3 spell: Mephitic Cloud
 14701 | Lair:4   | Found a staircase to the Swamp.
 16035 | Lair:5   | Noticed Kirke
 16046 | Lair:5   | Killed Kirke
 16046 | Lair:5   | Reached skill level 10 in Spellcasting
 16173 | Lair:5   | Reached XP level 14. HP: 109/109 MP: 28/28
 16269 | Lair:5   | Found the +8 whip "Snakebite" {curare, rPois}
 16422 | Lair:5   | Found a staircase to the Slime Pits.
 16558 | Lair:6   | Entered Level 6 of the Lair of Beasts
 16610 | Lair:6   | Found a runed door.
 16795 | Lair:6   | Reached skill level 10 in Fighting
 16795 | Lair:6   | Reached skill level 10 in Long Blades
 16795 | Lair:6   | Reached skill level 10 in Dodging
 17001 | Lair:6   | Reached skill level 9 in Unarmed Combat
 17305 | Lair:6   | Identified the cursed +1 hand crossbow of Irecs {elec,
                  | rElec}
 17805 | Lair:6   | Reached skill level 10 in Invocations
 17898 | Lair:6   | Upgraded the game from 0.22.1 to 0.22.1-1-ga44c0e5
 17905 | Lair:6   | Learned a level 6 spell: Freezing Cloud
 18324 | D:12     | Found a staircase to the Orcish Mines.
 18580 | D:12     | Reached ****** piety under Ashenzari
 19094 | Orc:1    | Entered Level 1 of the Orcish Mines
 19131 | Orc:2    | Entered Level 2 of the Orcish Mines
 19417 | Orc:1    | Noticed an orc warlord
 19622 | Orc:1    | Killed an orc warlord
 20085 | Orc:2    | Reached XP level 15. HP: 117/117 MP: 16/29
 20139 | Orc:2    | Found Bibuwnik's Distillery.
 20139 | Orc:2    | Found Piejauk's Antique Weapon Shop.
 20197 | Orc:2    | Found a roughly hewn altar of Beogh.
 20236 | Orc:2    | Found Damy's Book Emporium.
 20254 | Orc:2    | Found Pyfem's Antique Armour Shop.
 20272 | Orc:2    | Reached skill level 10 in Armour
 20279 | Orc:2    | Bought a heavily runed scale mail for 315 gold pieces
 20279 | Orc:2    | Identified the +4 scale mail of the Big Bang {Slay+3} (You
                  | bought it in a shop on level 2 of the Orcish Mines)
 20279 | Orc:2    | Bought a pair of embroidered boots for 262 gold pieces
 20282 | Orc:2    | Bought a brightly glowing ring mail for 315 gold pieces
 20282 | Orc:2    | Identified the +1 ring mail of Fortification {+Fly rElec}
                  | (You bought it in a shop on level 2 of the Orcish Mines)
 20317 | Orc:2    | Bought a fine falchion for 272 gold pieces
 20317 | Orc:2    | Identified the +5 falchion "Ceasag" {elec, *Slow rC+++
                  | SInv} (You bought it in a shop on level 2 of the Orcish
                  | Mines)
 20435 | Orc:2    | Found a staircase to the Elven Halls.
 21037 | D:13     | Noticed Snorg
 21055 | D:13     | Killed Snorg
 21133 | D:13     | Noticed Maurice
 21148 | D:13     | Killed Maurice
 21227 | D:13     | Noticed Sonja
 21227 | D:13     | Noticed a tengu reaver
 21228 | D:13     | Noticed a sphinx
 21267 | D:13     | Found a runed door.
 21268 | D:13     | Noticed a storm dragon
 21692 | D:13     | Reached skill level 10 in Charms
 21803 | D:13     | Reached skill level 10 in Short Blades
 21803 | D:13     | Reached skill level 10 in Axes
 21803 | D:13     | Reached skill level 10 in Maces & Flails
 21803 | D:13     | Reached skill level 10 in Polearms
 21803 | D:13     | Reached skill level 10 in Staves
 21803 | D:13     | Reached skill level 10 in Slings
 21803 | D:13     | Reached skill level 10 in Bows
 21803 | D:13     | Reached skill level 10 in Crossbows
 21803 | D:13     | Reached skill level 10 in Throwing
 21803 | D:13     | Reached skill level 10 in Stealth
 21803 | D:13     | Reached skill level 10 in Shields
 21803 | D:13     | Reached skill level 10 in Unarmed Combat
 21803 | D:13     | Reached skill level 10 in Evocations
 21841 | D:13     | Found a gate to the Vaults.
 23116 | Orc:2    | Bought a potion of resistance for 120 gold pieces
 23116 | Orc:2    | Bought 2 potions of curing for 72 gold pieces
 23116 | Orc:2    | Bought a potion of curing for 36 gold pieces
 23116 | Orc:2    | Bought a potion of curing for 36 gold pieces
 23116 | Orc:2    | Bought a potion of might for 48 gold pieces
 23116 | Orc:2    | Bought a potion of heal wounds for 60 gold pieces
 23116 | Orc:2    | Bought a potion of curing for 36 gold pieces
 23116 | Orc:2    | Bought a potion of curing for 36 gold pieces
 23116 | Orc:2    | Bought a potion of heal wounds for 60 gold pieces
 23374 | Spider:1 | Entered Level 1 of the Spider Nest
 23565 | Spider:1 | Learned a level 6 spell: Deflect Missiles
 24049 | Spider:1 | Reached XP level 16. HP: 123/125 MP: 27/31
 24838 | Spider:2 | Noticed Arachne
 24864 | Spider:2 | Killed Arachne
 24994 | Spider:2 | Noticed Nikola
 25011 | Spider:2 | Killed Nikola
 25011 | Spider:2 | Identified the cursed +0 pair of gloves of Lies {*Drain
                  | rN+++ rCorr Dex+2} (You took it off Nikola on level 2 of
                  | the Spider Nest)
 25169 | Spider:2 | Noticed Louise
 25201 | Spider:2 | Killed Louise
 26904 | Spider:4 | Entered Level 4 of the Spider Nest
 26969 | Spider:4 | Reached skill level 11 in Unarmed Combat
 27219 | Spider:4 | Reached XP level 17. HP: 133/133 MP: 7/33
 28306 | Spider:4 | Got a gossamer rune of Zot
 28689 | Lair:3   | Killed Stepladder's ghost
 28777 | Lair:1   | Killed Markonkel's ghost
 29036 | D:13     | Killed Sonja
 29055 | D:13     | Killed a sphinx
 29348 | D:5      | Bought the ring of the Blind Eye {Ice rElec rPois Str+3
                  | Int+2} for 805 gold pieces
 29576 | Swamp:1  | Entered Level 1 of the Swamp
 29711 | Swamp:1  | Found the +8 frozen axe "Frostbite" {freezing cloud, *Noise
                  | +Fly rC+}
 29892 | Swamp:1  | Identified the cursed +0 scale mail of Ebonyng {rElec
                  | Stlth+}
 29892 | Swamp:1  | Identified the +2 robe of the Wary People {rPois rF+++ rC-
                  | Int+2}
 30464 | Swamp:2  | Identified the cursed +1 flail of Reinforcement {antimagic,
                  | rPois Dex+2}
 30580 | Swamp:2  | Reached skill level 10 in Conjurations
 30580 | Swamp:2  | Reached skill level 10 in Hexes
 30580 | Swamp:2  | Reached skill level 10 in Summonings
 30580 | Swamp:2  | Reached skill level 10 in Necromancy
 30580 | Swamp:2  | Reached skill level 10 in Translocations
 30580 | Swamp:2  | Reached skill level 10 in Transmutations
 30580 | Swamp:2  | Reached skill level 10 in Fire Magic
 30580 | Swamp:2  | Reached skill level 10 in Ice Magic
 30580 | Swamp:2  | Reached skill level 10 in Air Magic
 30580 | Swamp:2  | Reached skill level 10 in Earth Magic
 30580 | Swamp:2  | Reached skill level 10 in Poison Magic
 30952 | Swamp:2  | Reached XP level 18. HP: 120/141 MP: 28/34
 31960 | Swamp:4  | Entered Level 4 of the Swamp
 32077 | Swamp:4  | Reached skill level 12 in Unarmed Combat
 32620 | Swamp:4  | Got a decaying rune of Zot
 32651 | Swamp:4  | Identified the +6 war axe of Byser {drain, Fragile Dex+4
                  | Stlth+}
 33152 | Elf:1    | Entered Level 1 of the Elven Halls
 33176 | Elf:1    | Found a radiant altar of Vehumet.
 33286 | Elf:1    | Found Utetzuc's Antique Weapon Emporium.
 33297 | Elf:1    | Found Kyeco's Armour Shop.
 33537 | Elf:1    | Found Jaromum's Weapon Shoppe.
 33554 | Elf:1    | Reached XP level 19. HP: 149/149 MP: 27/36
 33828 | Elf:1    | Found Qumew's Antique Armour Shop.
 33967 | Elf:1    | Bought a pair of dazzling gloves for 342 gold pieces
 33967 | Elf:1    | Identified the +2 pair of gloves of Tender Moments {rPois
                  | Str+4 Dex+3} (You bought it in a shop on level 1 of the
                  | Elven Halls)
 33967 | Elf:1    | Bought a pair of steaming gloves for 342 gold pieces
 33967 | Elf:1    | Identified the +1 pair of gloves of Blue Skies {Dex+8} (You
                  | bought it in a shop on level 1 of the Elven Halls)
 34580 | Elf:2    | Found a runed gate.
 34580 | Elf:2    | Found a runed gate.
 34580 | Elf:2    | Found a runed gate.
 34810 | Elf:2    | Noticed Donald
 34834 | Elf:2    | Killed Donald
 35302 | Elf:2    | Learned a level 5 spell: Yara's Violent Unravelling
 35343 | Elf:3    | Entered Level 3 of the Elven Halls
 35483 | Elf:3    | Found a flickering gateway to a bazaar.
 35500 | Bazaar   | Entered a bazaar
 35533 | Bazaar   | Found Nowosh's Weapon Boutique.
 35533 | Bazaar   | Found Qaoleh's Weapon Shop.
 35596 | Bazaar   | Found Qeuv's Gadget Shop.
 35596 | Bazaar   | Found Iclyp's Jewellery Boutique.
 35951 | Elf:3    | Reached XP level 20. HP: 157/157 MP: 25/37
 35963 | Elf:3    | Reached skill level 13 in Unarmed Combat
 36030 | Elf:3    | Noticed a Brimstone Fiend
 36371 | Elf:3    | Identified the cursed +2 quarterstaff of Kismet {protect,
                  | rF+} (You took it off a deep elf death mage on level 3 of
                  | the Elven Halls)
 36383 | Elf:3    | Identified the +4 flail "Puaphug" {crush, rElec MR+ Dex+2}
                  | (You took it off a deep elf high priest on level 3 of the
                  | Elven Halls)
 36467 | Elf:3    | Identified the cursed +2 scythe "Helet" {speed, rF+ rC-
                  | Int+3 SInv} (You took it off a deep elf annihilator on
                  | level 3 of the Elven Halls)
 36506 | Elf:3    | Learned a level 5 spell: Irradiate
 36621 | Elf:3    | Noticed a Tzitzimitl
 36623 | Elf:3    | Identified the ring "Qeba" {+Fly Dex+6} (You took it off a
                  | deep elf demonologist on level 3 of the Elven Halls)
 36755 | Elf:3    | Identified the cursed +1 dagger of Prudence {venom,
                  | *Corrode rPois Dex+5} (You took it off a deep elf archer on
                  | level 3 of the Elven Halls)
 36774 | Elf:3    | Identified the ring of Kiecrek {*Tele rF- rC+ Str+2} (You
                  | took it off a deep elf demonologist on level 3 of the Elven
                  | Halls)
 36830 | Elf:3    | Identified the Catalogue of Enchanting Confrontation
 37095 | D:15     | Entered Level 15 of the Dungeon
 37095 | D:15     | Found a staircase to the Depths.
 38090 | Vaults:1 | Entered Level 1 of the Vaults
 38129 | Vaults:1 | Reached XP level 21. HP: 165/165 MP: 39/39
 38560 | Vaults:1 | Found Afulatea's Food Shoppe.
 39377 | Vaults:1 | Reached skill level 15 in Invocations
 39689 | Vaults:2 | Reached skill level 14 in Unarmed Combat
 40215 | Vaults:2 | Reached XP level 22. HP: 173/173 MP: 40/40
 40887 | Vaults:2 | Found a staircase to the Crypt.
 41300 | Vaults:3 | Reached skill level 15 in Spellcasting
 41330 | Vaults:3 | Learned a level 2 spell: Sublimation of Blood
 41878 | Vaults:3 | Reached skill level 15 in Fighting
 41878 | Vaults:3 | Reached skill level 15 in Long Blades
 41878 | Vaults:3 | Reached skill level 15 in Dodging
 42588 | Vaults:3 | Found a large runed door.
 42588 | Vaults:3 | Found a large runed door.
 42588 | Vaults:3 | Found a large runed door.
 42588 | Vaults:3 | Found a large runed door.
 42589 | Vaults:3 | Found a large runed door.
 42591 | Vaults:3 | Identified the ring of Esubbiga {MR+ MP+9}
 42593 | Vaults:3 | Found a large runed door.
 42593 | Vaults:3 | Found a large runed door.
 42593 | Vaults:3 | Noticed MalarOregon's ghost (adept MiBe)
 42618 | Vaults:3 | Found a large runed door.
 42677 | Vaults:3 | Killed MalarOregon's ghost
 43070 | Vaults:4 | Found a ruined gateway.
 43086 | Desolati | Entered the Desolation of Salt
 43232 | Desolati | Identified the ring "Xathrilu" {+Blink rPois rF+ Slay-4}
 43241 | Desolati | Identified the +7 spear of the Six Orbs {pain, rC+ MR+++
                  | Int-2 SInv}
 43268 | Desolati | Identified the +1 whip of the Inferno {slash, MP+9}
 43317 | Desolati | Reached XP level 23. HP: 178/181 MP: 25/42
 43476 | Desolati | Found the +6 Majin-Bo {vamp, Archmagi MP+6 Int+6}
 43719 | Desolati | Identified Sif Muna's Grimoire of Harmful Translocation
 43720 | Desolati | Identified the +2 dagger of Okawaru's Displeasure {pierce,
                  | Int+2}
 43722 | Desolati | Identified the Reference Book on Burning Beguiling
 43730 | Desolati | Identified the +8 trident of Annoyance {venom, *Rage +Blink
                  | Str+6}
 43763 | Desolati | Reached skill level 15 in Armour
 43949 | Desolati | Identified the Grimoire of Creative Protection
 44008 | Desolati | Identified the cursed +1 scale mail of the Flute {*Contam
                  | +Fly MR- Stlth+}
 44019 | Desolati | Identified the Catalogue of the Oath
 44394 | Vaults:4 | Reached skill level 15 in Unarmed Combat
 44964 | Vaults:4 | Reached skill level 15 in Short Blades
 44964 | Vaults:4 | Reached skill level 15 in Axes
 44964 | Vaults:4 | Reached skill level 15 in Maces & Flails
 44964 | Vaults:4 | Reached skill level 15 in Polearms
 44964 | Vaults:4 | Reached skill level 15 in Staves
 44964 | Vaults:4 | Reached skill level 15 in Slings
 44964 | Vaults:4 | Reached skill level 15 in Bows
 44964 | Vaults:4 | Reached skill level 15 in Crossbows
 44964 | Vaults:4 | Reached skill level 15 in Throwing
 44964 | Vaults:4 | Reached skill level 15 in Stealth
 44964 | Vaults:4 | Reached skill level 15 in Shields
 44964 | Vaults:4 | Reached skill level 15 in Evocations
 45477 | Depths:1 | Entered Level 1 of the Depths
 45662 | Depths:1 | Found a runed door.
 45672 | Depths:1 | Found a radiant altar of Vehumet.
 45672 | Depths:1 | Noticed an ancient lich
 45704 | Depths:1 | Killed an ancient lich
 45709 | Depths:1 | Identified the Almanac of Combat Magic
 45933 | Depths:1 | Learned a level 7 spell: Ring of Flames
 46028 | Depths:1 | Found a gateway to Hell.
 46813 | Vaults:5 | Entered Level 5 of the Vaults
 46817 | Vaults:5 | Reached XP level 24. HP: 190/190 MP: 19/42
 47053 | Vaults:4 | Learned a level 6 spell: Shadow Creatures
 47058 | Vaults:5 | Reached skill level 16 in Unarmed Combat
 47296 | Vaults:5 | Identified the cursed +0 ring mail of Cediqa {rN+ Str+2
                  | Int+4}
 47608 | Vaults:5 | Identified the +2 ring mail of Sunlight {rF+}
 47720 | Vaults:5 | Noticed a caustic shrike
 47720 | Vaults:5 | a shadow dragon changed into a caustic shrike
 47724 | Vaults:5 | a caustic shrike changed into a fire giant
 47871 | Vaults:5 | Reached XP level 25. HP: 171/197 MP: 43/43
 47901 | Vaults:5 | Identified the amulet "Elitir" {Acrobat rElec Dex-2 Slay+5}
                  | (You took it off a vault warden on level 5 of the Vaults)
 48685 | Vaults:5 | Learned a level 1 spell: Apportation
 48693 | Vaults:5 | Got a silver rune of Zot
 48856 | Vaults:5 | Identified a ring of the Octopus King {MP+9 AC+1 EV+1 Str+1
                  | Int+1 Dex+1} (You took it off a deep elf knight on level 5
                  | of the Vaults)
 48859 | Vaults:5 | Identified the amulet "Rydaopp Xynt" {+Rage rC+ Str+3
                  | Int+4} (You took it off a deep elf mage on level 5 of the
                  | Vaults)
 48859 | Vaults:5 | Identified the +6 rapier of Reinforcement {drain, *Noise
                  | rC++} (You took it off a deep elf mage on level 5 of the
                  | Vaults)
 48908 | Vaults:5 | Found Zith's Weapon Shoppe.
 48922 | Vaults:5 | Reached skill level 17 in Unarmed Combat
 49152 | Vaults:5 | Learned a level 5 spell: Dispel Undead
 49158 | Vaults:5 | Learned a level 5 spell: Summon Forest
 50044 | Depths:2 | Paralysed by a floating eye for 4 turns
 50121 | Depths:2 | Noticed a juggernaut
 50137 | Depths:2 | Killed a juggernaut
 50326 | Depths:2 | Identified the Collected Works on Bewitching Summoning
 50505 | Depths:2 | Identified the cursed +1 dagger of Paper {drain, rPois rC++
                  | Dex+2}
 50931 | Depths:3 | Found a one-way gate to the infinite horrors of the Abyss.
 50974 | Depths:3 | Reached XP level 26. HP: 168/207 MP: 40/43
 51023 | Depths:3 | Reached skill level 15 in Charms
 51246 | Depths:3 | Reached skill level 18 in Unarmed Combat
 51372 | Depths:3 | Found a one-way gate leading to the halls of Pandemonium.
 51729 | Depths:3 | Found an iron altar of Okawaru.
 51785 | Depths:3 | Identified the cursed +8 large shield of Submission {Dex+2}
 51785 | Depths:3 | Identified the cursed +3 hat of Discretion {rElec MR+ Str-4
                  | Stlth+}
 51872 | Depths:3 | Identified the +1 cloak of Icauso {rF++ rC- Int+4 SInv}
 52376 | Depths:4 | Identified the cursed +0 whip of Qooferi {slash, rPois}
                  | (You took it off a deep elf high priest on level 4 of the
                  | Depths)
 52519 | Depths:4 | Identified the +1 helmet "Onyryng" {rCorr Dex+7}
 52533 | Depths:4 | Lost mutation: You have a pair of small horns on your head.
                  | [potion of mutation]
 52533 | Depths:4 | Lost mutation: You tend to lose your temper in combat.
                  | [potion of mutation]
 52533 | Depths:4 | Lost mutation: Your muscles are strong. (Str +2) [potion of
                  | mutation]
 52533 | Depths:4 | Gained mutation: You have a pair of small horns on your
                  | head. [potion of mutation]
 52533 | Depths:4 | Gained mutation: Your spells are a little easier to cast,
                  | but a little less powerful. [potion of mutation]
 52533 | Depths:4 | Gained mutation: You have a pair of horns on your head.
                  | [potion of mutation]
 52533 | Depths:4 | Gained mutation: You passively map a small area around you.
                  | [potion of mutation]
 52534 | Depths:4 | Lost mutation: You have a pair of horns on your head.
                  | [potion of mutation]
 52534 | Depths:4 | Lost mutation: You have a pair of small horns on your head.
                  | [potion of mutation]
 52534 | Depths:4 | Gained mutation: You expend magic power (3 MP) to
                  | strengthen your wands. [potion of mutation]
 52534 | Depths:4 | Lost mutation: You expend magic power (3 MP) to strengthen
                  | your wands. [potion of mutation]
 52534 | Depths:4 | Gained mutation: You expend magic power (3 MP) to
                  | strengthen your wands. [potion of mutation]
 52734 | Depths:4 | Reached XP level 27. HP: 201/215 MP: 22/44
 52747 | Depths:4 | Found a gateway to a ziggurat.
 53288 | Depths:4 | Found the +0 Maxwell's etheric cage {RegenMP+ *Contam rElec
                  | MP+4}
 53950 | Slime:1  | Entered Level 1 of the Pits of Slime
 54010 | Slime:2  | Gained mutation: Scrolls take you a little longer to read.
                  | [a shining eye]
 54028 | Slime:2  | Reached skill level 19 in Unarmed Combat
 54109 | Slime:3  | Gained mutation: You are weak. (Str -2) [a shining eye]
 54111 | Slime:3  | Gained mutation: Your spells are easier to cast, but less
                  | powerful. [a shining eye]
 54348 | Slime:5  | Entered Level 5 of the Pits of Slime
 54983 | Slime:5  | Noticed the Royal Jelly
 54996 | Slime:5  | Killed the Royal Jelly
 54996 | Slime:5  | Reached skill level 15 in Conjurations
 54996 | Slime:5  | Reached skill level 15 in Hexes
 54996 | Slime:5  | Reached skill level 15 in Summonings
 54996 | Slime:5  | Reached skill level 15 in Necromancy
 54996 | Slime:5  | Reached skill level 15 in Translocations
 54996 | Slime:5  | Reached skill level 15 in Transmutations
 54996 | Slime:5  | Reached skill level 15 in Fire Magic
 54996 | Slime:5  | Reached skill level 15 in Ice Magic
 54996 | Slime:5  | Reached skill level 15 in Air Magic
 54996 | Slime:5  | Reached skill level 15 in Earth Magic
 54996 | Slime:5  | Reached skill level 15 in Poison Magic
 55221 | Slime:5  | Identified the cursed +1 morningstar "Dragonslayer"
                  | {protect, +Inv rPois rF+ rC+}
 55223 | Slime:5  | Identified the +6 dire flail of Bodily Humours {crush,
                  | +Blink Int+4}
 55225 | Slime:5  | Identified the +4 dagger "Icvyegib" {pierce, +Inv rElec
                  | MP+9 Int-2}
 55226 | Slime:5  | Identified the +4 dagger of Gozag's Scorn {freeze, *Noise
                  | Int+2 Stlth+}
 55255 | Slime:5  | Identified Sif Muna's Compendium of Moulding and Air
 55296 | Slime:5  | Got a slimy rune of Zot
 55305 | Slime:5  | Identified the amulet of the Tired Beds {MR+ Regen+ Str+3}
 55380 | Slime:5  | Lost mutation: Scrolls take you a little longer to read.
                  | [potion of mutation]
 55380 | Slime:5  | Lost mutation: You expend magic power (3 MP) to strengthen
                  | your wands. [potion of mutation]
 55380 | Slime:5  | Lost mutation: You are resistant to hostile enchantments.
                  | (MR+) [potion of mutation]
 55380 | Slime:5  | Gained mutation: You expend magic power (3 MP) to
                  | strengthen your wands. [potion of mutation]
 55381 | Slime:5  | Lost mutation: You are weak. (Str -2) [potion of mutation]
 55381 | Slime:5  | Lost mutation: You expend magic power (3 MP) to strengthen
                  | your wands. [potion of mutation]
 55381 | Slime:5  | Lost mutation: Your spells are easier to cast, but less
                  | powerful. [potion of mutation]
 55381 | Slime:5  | Gained mutation: You have a pair of small horns on your
                  | head. [potion of mutation]
 55381 | Slime:5  | Gained mutation: You passively map the area around you.
                  | [potion of mutation]
 55382 | Slime:5  | Lost mutation: You have a pair of small horns on your head.
                  | [potion of mutation]
 55382 | Slime:5  | Lost mutation: Your spells are a little easier to cast, but
                  | a little less powerful. [potion of mutation]
 55382 | Slime:5  | Lost mutation: You passively map the area around you.
                  | [potion of mutation]
 55382 | Slime:5  | Gained mutation: You are clumsy. (Dex -2) [potion of
                  | mutation]
 55382 | Slime:5  | Gained mutation: Your magical capacity is low. (-10% MP)
                  | [potion of mutation]
 55382 | Slime:5  | Gained mutation: You have large cloven feet. [potion of
                  | mutation]
 56140 | Crypt:1  | Entered Level 1 of the Crypt
 56613 | Crypt:1  | Gained mutation: Armour fits poorly on your strangely
                  | shaped body. [mutagenic glow]
 56813 | Crypt:1  | Identified the cursed +2 arbalest "Lihey" {venom, rF+
                  | Dex+3}
 57246 | Crypt:2  | Noticed Saint Roka
 57274 | Crypt:2  | Killed Saint Roka
 57597 | Crypt:2  | Reached skill level 20 in Unarmed Combat
 58453 | Crypt:2  | Found a basalt altar of Yredelemnul.
 58560 | Crypt:3  | Entered Level 3 of the Crypt
 58620 | Crypt:3  | Noticed Frederick
 58631 | Crypt:3  | Killed Frederick
 58874 | Crypt:3  | Found a basalt altar of Yredelemnul.
 59051 | Crypt:3  | Identified the +3 trident "Miaruev" {drain, rElec rN+ Str+2
                  | Dex-2}
 59238 | Crypt:3  | Lost mutation: Armour fits poorly on your strangely shaped
                  | body. [potion of mutation]
 59238 | Crypt:3  | Lost mutation: You are surrounded by a mild repulsion
                  | field. (EV +2) [potion of mutation]
 59238 | Crypt:3  | Lost mutation: You are clumsy. (Dex -2) [potion of
                  | mutation]
 59238 | Crypt:3  | Lost mutation: You have large cloven feet. [potion of
                  | mutation]
 59238 | Crypt:3  | Gained mutation: Your spells are a little easier to cast,
                  | but a little less powerful. [potion of mutation]
 59238 | Crypt:3  | Gained mutation: You are partially covered in molten
                  | scales. (AC +2) [potion of mutation]
 59239 | Crypt:3  | Lost mutation: Your magical capacity is low. (-10% MP)
                  | [potion of mutation]
 59239 | Crypt:3  | Lost mutation: Your spells are a little easier to cast, but
                  | a little less powerful. [potion of mutation]
 59239 | Crypt:3  | Gained mutation: You are frail. (-10% HP) [potion of
                  | mutation]
 59239 | Crypt:3  | Gained mutation: You are partially covered in slimy green
                  | scales. (AC +2) [potion of mutation]
 59239 | Crypt:3  | Gained mutation: You have a pair of small antennae on your
                  | head. [potion of mutation]
 59242 | Crypt:3  | Lost mutation: You are partially covered in slimy green
                  | scales. (AC +2) [potion of mutation]
 59242 | Crypt:3  | Lost mutation: You are frail. (-10% HP) [potion of
                  | mutation]
 59242 | Crypt:3  | Lost mutation: You passively map a small area around you.
                  | [potion of mutation]
 59242 | Crypt:3  | Gained mutation: You have a pair of antennae on your head.
                  | [potion of mutation]
 59242 | Crypt:3  | Gained mutation: Your spells are a little harder to cast,
                  | but a little more powerful. [potion of mutation]
 59274 | Crypt:3  | Found a staircase to the Tomb.
 59274 | Crypt:3  | Noticed Jory
 59284 | Crypt:3  | Killed Jory
 59733 | Crypt:3  | Identified the +10 hand crossbow "Killer Klown's Death"
                  | {venom, rPois Str-2 Int+3}
 60216 | Depths:5 | Entered Level 5 of the Depths
 60335 | Depths:5 | Noticed a juggernaut
 60383 | Depths:5 | Killed a juggernaut
 60782 | Depths:5 | Noticed a juggernaut
 60796 | Depths:5 | Killed a juggernaut
 61032 | Depths:5 | Found a gate to the Realm of Zot.
 61309 | Depths:5 | Voluntarily entered the Abyss.
 61343 | Abyss:2  | Found a corrupted altar of Lugonu.
 61426 | Abyss:2  | Reached skill level 21 in Unarmed Combat
 61732 | Abyss:5  | Entered Level 5 of the Abyss
 61732 | Abyss:5  | Found a corrupted altar of Lugonu.
 61888 | Abyss:5  | Identified the +2 robe of the Hanged Man {*Slow rF++ rN+
                  | Regen+}
 61974 | Abyss:5  | Paralysed by accursed screaming for 1 turns
 61977 | Abyss:5  | Paralysed by accursed screaming for 1 turns
 61985 | Abyss:5  | Paralysed by accursed screaming for 2 turns
 61994 | Abyss:5  | Paralysed by accursed screaming for 1 turns
 62123 | Abyss:5  | Paralysed by accursed screaming for 1 turns
 62186 | Abyss:5  | Found a corrupted altar of Lugonu.
 62310 | Abyss:5  | Got an abyssal rune of Zot
 62336 | Depths:5 | Escaped the Abyss
 62459 | Hell     | Entered the Vestibule of Hell
 62459 | Hell     | Noticed Geryon
 62485 | Hell     | Killed Geryon
 62733 | Hell     | Found a gateway to the ashen valley of Gehenna.
 62832 | Hell     | Found a gateway to the freezing wastes of Cocytus.
 62984 | Hell     | Found a gateway to the decaying netherworld of Tartarus.
 63175 | Hell     | Found a gateway to the Iron City of Dis.
 63538 | Pan      | Entered Pandemonium
 63748 | Pan      | Noticed Hicsi the pandemonium lord
 63771 | Pan      | Noticed Mennas
 63779 | Pan      | Killed Mennas
 64029 | Pan      | Gained mutation: Your magical capacity is low. (-10% MP) [a
                  | cacodemon]
 64098 | Pan      | Found a runed door.
 64108 | Pan      | Found a runed door.
 64109 | Pan      | Found a runed door.
 64110 | Pan      | Noticed Jinydiyh the pandemonium lord
 64149 | Pan      | Killed Jinydiyh the pandemonium lord
 64161 | Pan      | Identified the +0 robe of Spite {-Cast rC+ Int+3}
 64164 | Pan      | Got a demonic rune of Zot
 64192 | Pan      | Found a runed door.
 64406 | Pan      | Noticed Zuntosivep the pandemonium lord
 64426 | Pan      | Killed Zuntosivep the pandemonium lord
 64510 | Pan      | Noticed Ferhatiy the pandemonium lord
 64560 | Pan      | Killed Ferhatiy the pandemonium lord
 64778 | Pan      | Learned a level 6 spell: Bolt of Fire
 64854 | Pan      | Found an exit through the horrors of the Abyss.
 64985 | Pan      | Reached skill level 22 in Unarmed Combat
 65097 | Pan      | Noticed Soecoc the pandemonium lord
 65354 | Pan      | Entered the realm of Gloorx Vloq.
 65485 | Pan      | Found an exit through the horrors of the Abyss.
 66145 | Pan      | Noticed Gloorx Vloq
 66181 | Pan      | Killed Gloorx Vloq
 66317 | Pan      | Got a dark rune of Zot
 66619 | Pan      | Entered the realm of Cerebov.
 67020 | Pan      | Found an exit through the horrors of the Abyss.
 67363 | Pan      | Identified the ring of Urphobaa {rPois Slay+2} (You took it
                  | off a balrug in Pandemonium)
 67470 | Pan      | Identified the cursed +0 hand crossbow of the Eternal Void
                  | {venom, Str+4}
 67506 | Pan      | Identified the +3 hunting sling of the Dove {velocity, +Inv
                  | rElec rF-}
 67508 | Pan      | Identified the Disquisition on the Dark Traveller
 67525 | Pan      | Identified the +3 leather armour "Pomn" {rElec rF+++ rC-
                  | rCorr}
 67528 | Pan      | Identified the Volume of Venom
 67541 | Pan      | Identified the ring "Guonuff" {*Tele Str+2 Int+2}
 67541 | Pan      | Identified the +0 buckler of Subjectivity {MR- Int+6}
 67588 | Pan      | Identified the +1 scale mail "Zofyakk" {*Drain rPois Str+4
                  | Int-3}
 67588 | Pan      | Identified the cursed +0 helmet of Sunlight {rCorr MP+9}
 67606 | Pan      | Noticed Cerebov
 67634 | Pan      | Learned a level 5 spell: Aura of Abjuration
 67743 | Pan      | Killed Cerebov
 67743 | Pan      | Identified the +6 sword of Cerebov {flame} (You took it off
                  | Cerebov in Pandemonium)
 67785 | Pan      | Identified the cursed -5 pair of boots of the Land of
                  | Plenty {+Inv}
 67789 | Pan      | Got a fiery rune of Zot
 67948 | Pan      | Entered the realm of Mnoleg.
 67983 | Pan      | Gained mutation: Your body sometimes deteriorates upon
                  | taking damage. [a cacodemon]
 67983 | Pan      | Gained mutation: You are dopey. (Int -2) [a neqoxec]
 68010 | Pan      | Gained mutation: You are occasionally teleported next to
                  | monsters. [a neqoxec]
 68029 | Pan      | Gained mutation: Scrolls take you a little longer to read.
                  | [a neqoxec]
 68036 | Pan      | Gained mutation: Scrolls take you longer to read. [a
                  | neqoxec]
 68096 | Pan      | Identified the +6 hunting sling of Death's Door {flame,
                  | +Inv rElec}
 68128 | Pan      | Lost mutation: Your body sometimes deteriorates upon taking
                  | damage. [potion of mutation]
 68128 | Pan      | Gained mutation: You are resistant to electric shocks.
                  | (rElec) [potion of mutation]
 68128 | Pan      | Gained mutation: You are partially covered in icy blue
                  | scales. (AC +2) [potion of mutation]
 68169 | Pan      | Gained mutation: Your body sometimes deteriorates upon
                  | taking damage. [a cacodemon]
 68236 | Pan      | Gained mutation: You are frail. (-10% HP) [a cacodemon]
 68243 | Pan      | Gained mutation: Armour fits poorly on your strangely
                  | shaped body. [a cacodemon]
 68246 | Pan      | Lost mutation: You are dopey. (Int -2) [a cacodemon]
 68294 | Pan      | Identified the cursed +1 pair of gloves of Qyridd {rPois
                  | Int+4 SInv} (You acquired it in Pandemonium)
 68335 | Pan      | Noticed Mnoleg
 68347 | Pan      | Paralysed by a floating eye for 2 turns
 68357 | Pan      | Killed Mnoleg
 68378 | Pan      | Reached skill level 23 in Unarmed Combat
 68454 | Pan      | Gained mutation: Scrolls take you much longer to read. [a
                  | neqoxec]
 68630 | Pan      | Got a glowing rune of Zot
 68677 | Pan      | Gained mutation: You are sometimes teleported next to
                  | monsters. [a cacodemon]
 68833 | Pan      | Identified the ring "Mosyts" {rN++ MR- Dex+3 SInv}
 68969 | Pan      | Noticed Feyh Itiu the pandemonium lord
 68994 | Pan      | Gained mutation: Your body often deteriorates upon taking
                  | damage. [a neqoxec]
 69009 | Pan      | Killed Feyh Itiu the pandemonium lord
 69021 | Pan      | Gained mutation: You are very frail. (-20% HP) [a neqoxec]
 69394 | Pan      | Noticed Eta Xeaka the pandemonium lord
 69552 | Pan      | Noticed Ostigh Anom the pandemonium lord
 69600 | Pan      | Entered the realm of Lom Lobon.
 69601 | Pan      | Lost mutation: Scrolls take you much longer to read.
                  | [potion of mutation]
 69601 | Pan      | Lost mutation: You are very frail. (-20% HP) [potion of
                  | mutation]
 69601 | Pan      | Lost mutation: You are sometimes teleported next to
                  | monsters. [potion of mutation]
 69601 | Pan      | Lost mutation: Armour fits poorly on your strangely shaped
                  | body. [potion of mutation]
 69601 | Pan      | Gained mutation: You are partially covered in slimy green
                  | scales. (AC +2) [potion of mutation]
 70567 | Pan      | Got a magical rune of Zot
 70646 | Pan      | Noticed Esiacwur the pandemonium lord
 70827 | Pan      | Found an exit through the horrors of the Abyss.
 70873 | Pan      | Took an exit into the Abyss.
 70873 | Abyss:1  | Escaped into the Abyss
 70909 | Depths:3 | Escaped the Abyss
 70971 | Tar:1    | Entered Level 1 of Tartarus
 72397 | Tar:5    | Reached skill level 24 in Unarmed Combat
 72645 | Tar:7    | Entered Level 7 of Tartarus
 73181 | Tar:7    | Identified the +4 trident "Eluekit" {flame, Dex+3 SInv}
 73181 | Tar:7    | Identified the +9 broad axe of Sidurch {freeze, Int+4}
 73586 | Tar:7    | Identified the Incunabulum of Arcane Weapons
 74338 | Tar:7    | Identified the ring "Bitruist" {rPois rF+ MR+}
 74374 | Tar:7    | Identified the Compendium of Boosting Translocation
 74418 | Tar:7    | Identified the +10 long sword "Roicveol" {freeze, rF+}
 74480 | Tar:7    | Noticed Ereshkigal
 74484 | Tar:7    | HP: 5/205 [Tzitzimitl/bolt of cold (6)]
 74489 | Tar:7    | HP: 8/205 [skeletal warrior/dire flail of crushing[a shadow
                  | demon] (3)]
 74997 | Tar:7    | Killed Ereshkigal
 75240 | Tar:7    | Got a bone rune of Zot
 75297 | Tar:7    | Reached skill level 25 in Unarmed Combat
 76287 | Tar:7    | Identified the +5 ring mail of Love and Death {+Fly Slay+2}
 76505 | Zot:1    | Entered Level 1 of the Realm of Zot
 78369 | Zot:5    | Entered Level 5 of the Realm of Zot
 78478 | Zot:5    | Noticed an ancient lich
 78489 | Zot:5    | Killed an ancient lich
 78489 | Zot:5    | Noticed an orb of fire
 78504 | Zot:5    | Noticed an ancient lich
 78506 | Zot:5    | Killed an orb of fire
 78517 | Zot:5    | Noticed an ancient lich
 78522 | Zot:5    | Killed an ancient lich
 78535 | Zot:5    | Killed an ancient lich
 78535 | Zot:5    | Reached skill level 26 in Unarmed Combat
 78708 | Zot:5    | Got the Orb of Zot
 78786 | Zot:5    | Noticed an ancient lich
 78787 | Zot:5    | Noticed an orb of fire
 78794 | Zot:5    | Gained mutation: You tend to lose your temper in combat.
                  | [an orb of fire]
 78795 | Zot:5    | Gained mutation: You are sometimes teleported next to
                  | monsters. [an orb of fire]
 78797 | Zot:5    | Lost mutation: Your spells are a little harder to cast, but
                  | a little more powerful. [an orb of fire]
 78832 | Zot:5    | Noticed Kaaruad the pandemonium lord
 78849 | Zot:5    | Killed from afar by an Ice Fiend

Skill      XL: |  1  2  3  4  5  6  7  8  9 10 11 12 13 14 15 16 17 18 19 20 21 22 23 24 25 26 27 |
---------------+----------------------------------------------------------------------------------+-----
Spellcasting   | 5 6 7 8 9 10 11 12 13 14 15 16 17 22 | 22.1
Invocations    | 1 2 3 4 5 6 7 8 9 10 11 12 13 14 15 16 17 18 23 | 23.3
Short Blades   | 1 2 3 4 5 6 7 8 9 10 11 12 13 14 15 16 21 | 21.7
Axes           | 1 2 3 4 5 6 7 8 9 10 11 12 13 14 15 16 21 | 21.7
Maces & Flails | 1 2 3 4 5 6 7 8 9 10 11 12 13 14 15 16 21 | 21.7
Polearms       | 1 2 3 4 5 6 7 8 9 10 11 12 13 14 15 16 21 | 21.7
Staves         | 1 2 3 4 5 6 7 8 9 10 11 12 13 14 15 16 17 25 | 25.7
Slings         | 1 2 3 4 5 6 7 8 9 10 11 12 13 14 15 16 21 | 21.7
Bows           | 1 2 3 4 5 6 7 8 9 10 11 12 13 14 15 16 21 | 21.7
Crossbows      | 1 2 3 4 5 6 7 8 9 10 11 12 13 14 15 16 23 | 23.7
Throwing       | 1 2 3 4 5 6 7 8 9 10 11 12 13 14 15 16 21 | 21.7
Stealth        | 1 2 3 4 5 6 7 8 9 10 11 12 13 14 15 16 21 | 21.7
Shields        | 1 2 3 4 5 6 7 8 9 10 11 12 13 14 15 16 21 | 21.7
Unarmed Combat | 1 2 3 4 5 6 7 8 9 10 11 12 13 14 15 16 17 18 26 | 26.1
Evocations     | 1 2 3 4 5 6 7 8 9 10 11 12 13 14 15 16 21 | 21.7
Conjurations   | 1 2 3 4 5 6 7 8 9 10 11 12 13 14 18 | 18.9
Hexes          | 1 2 3 4 5 6 7 8 9 10 11 12 13 14 18 | 18.9
Summonings     | 1 2 3 4 5 6 7 8 9 10 11 12 13 14 18 | 18.9
Necromancy     | 1 2 3 4 5 6 7 8 9 10 11 12 13 14 18 | 18.9
Translocations | 1 2 3 4 5 6 7 8 9 10 11 12 13 14 18 | 18.9
Transmutations | 1 2 3 4 5 6 7 8 9 10 11 12 13 14 18 | 18.9
Fire Magic     | 1 2 3 4 5 6 7 8 9 10 11 12 13 14 18 | 18.9
Ice Magic      | 1 2 3 4 5 6 7 8 9 10 11 12 13 14 18 | 18.9
Air Magic      | 1 2 3 4 5 6 7 8 9 10 11 12 13 14 18 | 18.9
Earth Magic    | 1 2 3 4 5 6 7 8 9 10 11 12 13 14 18 | 18.9
Poison Magic   | 1 2 3 4 5 6 7 8 9 10 11 12 13 14 18 | 18.9
Armour         | 3 4 5 6 7 8 9 10 11 12 13 14 15 16 17 21 | 21.8
Fighting       | 5 6 7 8 9 10 11 12 13 14 15 16 17 22 | 22.0
Long Blades    | 5 6 7 8 9 10 11 12 13 14 15 16 17 22 | 22.0
Dodging        | 5 6 7 8 9 10 11 12 13 14 15 16 17 22 | 22.0
Charms         | 6 7 8 9 10 11 12 13 14 15 19 | 19.4

Action                   |  1- 3 |  4- 6 |  7- 9 | 10-12 | 13-15 | 16-18 | 19-21 | 22-24 | 25-27 || total
-------------------------+-------+-------+-------+-------+-------+-------+-------+-------+-------++-------
Melee: Falchion          |    90 |   136 |   387 |       |       |       |       |       |       ||   613
       Bite              |    12 |    21 |    71 |    77 |   237 |   281 |   238 |   310 |  1544 ||  2791
       Punch             |       |       |     4 |       |       |       |       |       |       ||     4
       Scimitar          |       |       |    31 |    25 |       |       |       |       |       ||    56
       War axe           |       |       |       |   494 |  1162 |   743 |       |       |       ||  2399
       Short sword       |       |       |       |     1 |       |       |       |       |       ||     1
       Headbutt          |       |       |       |    68 |   380 |   512 |   401 |   546 |   293 ||  2200
       Long sword        |       |       |       |       |       |   631 |  1099 |  1204 |  6239 ||  9173
       Broad axe         |       |       |       |       |       |       |       |       |   914 ||   914
Throw: Javelin           |       |       |       |       |    45 |    28 |    21 |    96 |   176 ||   366
       Tomahawk          |       |       |       |       |       |     1 |    39 |   108 |    90 ||   238
 Cast: Infusion          |     5 |     2 |     8 |     4 |     6 |     7 |       |     1 |       ||    33
       Song of Slaying   |     1 |     2 |     2 |     5 |    21 |    18 |    22 |    21 |    76 ||   168
       Shroud of Golubri |     6 |    13 |    28 |    35 |    63 |    71 |    51 |    32 |    70 ||   369
       Regeneration      |       |     2 |    25 |    26 |    40 |    45 |    29 |    40 |   242 ||   449
       Spectral Weapon   |       |       |    31 |    40 |    57 |    41 |    30 |    13 |       ||   212
       Call Imp          |       |       |       |       |    91 |       |       |       |       ||    91
       Blink             |       |       |       |       |    25 |     1 |     6 |    14 |    83 ||   129
       Mephitic Cloud    |       |       |       |       |     4 |    15 |     4 |       |       ||    23
       Freezing Cloud    |       |       |       |       |     5 |    31 |    46 |    49 |   226 ||   357
       Deflect Missiles  |       |       |       |       |     1 |     1 |     5 |    10 |    22 ||    39
       Yara's Violent Un |       |       |       |       |       |       |     5 |    19 |    56 ||    80
       Irradiate         |       |       |       |       |       |       |     4 |    25 |   115 ||   144
       Sublimation of Bl |       |       |       |       |       |       |       |    32 |    56 ||    88
       Ring of Flames    |       |       |       |       |       |       |       |     2 |       ||     2
       Shadow Creatures  |       |       |       |       |       |       |       |     3 |     3 ||     6
       Summon Forest     |       |       |       |       |       |       |       |       |    26 ||    26
       Dispel Undead     |       |       |       |       |       |       |       |       |   188 ||   188
       Bolt of Fire      |       |       |       |       |       |       |       |       |   106 ||   106
       Aura of Abjuratio |       |       |       |       |       |       |       |       |    39 ||    39
       Apportation       |       |       |       |       |       |       |       |       |    18 ||    18
Invok: Curse Item        |       |       |       |     5 |     3 |     3 |       |       |     8 ||    19
 Abil: Evoke Flight      |       |       |       |       |     1 |     1 |       |       |       ||     2
Evoke: Wand              |       |       |       |       |     3 |     3 |     1 |       |    19 ||    26
       Crystal ball of e |       |       |       |       |       |       |     1 |       |       ||     1
       Horn of Geryon    |       |       |       |       |       |       |       |       |     1 ||     1
       Box of beasts     |       |       |       |       |       |       |       |       |     1 ||     1
  Use: Potion            |       |     1 |     1 |     9 |     3 |     3 |     2 |     5 |    46 ||    70
       Scroll            |       |       |       |    15 |     6 |    16 |     5 |     7 |    34 ||    83
 Stab: Sleeping          |     1 |     2 |     4 |    10 |    21 |    11 |    14 |    11 |     4 ||    78
       Distracted        |       |       |     7 |     7 |    15 |    11 |    10 |     3 |    12 ||    65
       Confused          |       |       |       |       |     3 |    21 |     5 |       |       ||    29
       Invisible         |       |       |       |       |       |     8 |       |       |       ||     8
       Paralysed         |       |       |       |       |       |       |       |       |     1 ||     1
  Eat: Chunk             |       |     3 |    15 |    24 |    34 |    28 |    35 |    38 |    62 ||   239
       Ration            |       |     1 |     1 |     1 |     3 |     6 |     2 |     3 |    38 ||    55
Armor: Leather armour    |    15 |       |       |    32 |       |       |       |       |       ||    47
       Ring mail         |     6 |    36 |   135 |     1 |       |       |       |       |       ||   178
       Skin              |       |       |    18 |       |       |       |       |       |       ||    18
       Scale mail        |       |       |       |    69 |   172 |   358 |   120 |   136 |     1 ||   856
       Troll leather arm |       |       |       |    73 |     7 |       |       |       |       ||    80
       Robe              |       |       |       |       |    29 |       |       |       |       ||    29
       Gold dragon scale |       |       |       |       |       |       |       |       |  2586 ||  2586
Dodge: Dodged            |    58 |   120 |   293 |   379 |   736 |  1143 |   456 |   674 |  2554 ||  6413
       Deflected         |       |       |       |       |       |    32 |    55 |    68 |   269 ||   424
Block: Buckler           |       |       |    45 |    39 |       |       |       |       |       ||    84
       Shield            |       |       |       |   215 |   813 |   679 |       |       |       ||  1707
       Large shield      |       |       |       |       |       |   723 |  1232 |  1561 | 10403 || 13919
       Rpst.: Falchion   |    26 |    36 |    71 |       |       |       |       |       |       ||   133
       Scimitar          |       |       |     9 |     6 |       |       |       |       |       ||    15
       Long sword        |       |       |       |       |       |    67 |   113 |   129 |   334 ||   643
